 Dungeon Crawl Stone Soup version 0.25.0-1-g7eea58d (webtiles) character file.

Game seed: 4429385885484524476

72869 Illumine the Blocker (level 15, -4/138 HPs)
             Began as a Deep Dwarf Fighter on June 18, 2020.
             Was the Champion of Makhleb.
             Slain by a freezing wraith (7 damage)
             ... led by a death knight
             ... on level 13 of the Dungeon.
             The game lasted 00:58:30 (19083 turns).

Illumine the Blocker (Deep Dwarf Fighter)          Turns: 19083, Time: 00:58:30

Health: -4/138     AC: 19    Str: 27    XL:     15   Next: 2%
Magic:  0/9        EV: 21    Int:  8    God:    Makhleb [******]
Gold:   2063       SH: 21    Dex: 26    Spells: 13/14 levels left

rFire    . . .     SeeInvis .   x - +2 broad axe (flame)
rCold    + . .     Gourm    .   c - +1 kite shield
rNeg     + + .     Faith    .   U - +4 ring mail of Duty {Dex+8}
rPois    +         Spirit   +   J - +2 hat of the Bear Spirit {Spirit, +Rage rN+ MR++}
rElec    .         Reflect  +   M - +2 cloak
rCorr    .         Harm     .   Q - +1 pair of gloves of Prudence {rC+}
MR       ++++.                  (no boots)
Stlth    +.........             X - amulet of reflection
HPRegen  0.00/turn              Y - +6 ring of dexterity
MPRegen  0.11/turn              C - ring of poison resistance

@: non-regenerating
A: damage resistance, heal wounds, negative energy resistance 1, sense
surroundings 2, no regeneration
a: Heal Wounds, Minor Destruction, Lesser Servant of Makhleb, Major Destruction,
Greater Servant of Makhleb, Renounce Religion, Evoke Berserk Rage


You were on level 13 of the Dungeon.
You worshipped Makhleb.
Makhleb was exalted by your worship.
You were hungry.

You visited 4 branches of the dungeon, and saw 22 of its levels.
You also visited: Sewer, Gauntlet and Volcano.

You collected 2554 gold pieces.
You spent 491 gold pieces at shops.

Inventory:

Hand Weapons
 a - a +1 vorpal demon whip
 b - a +2 hunting sling of freezing
 x - a +2 broad axe of flaming (weapon)
 D - a +2 antimagic war axe
 R - the cursed +3 mace "Geciuq" {venom, rC+ rN+ Int-3}
   (You bought it in a shop on level 2 of the Orcish Mines)

   It poisons the flesh of those it strikes.
   It affects your intelligence (-3).
   It protects you from cold.
   It protects you from negative energy.
   It has a curse placed upon it.
 Z - the cursed +1 war axe "Befe" {vorpal, rF+ MR+ Dex-4}
   (You found it on level 11 of the Dungeon)

   It inflicts extra damage upon your enemies.
   It affects your dexterity (-4).
   It protects you from fire.
   It affects your resistance to hostile enchantments.
   It has a curse placed upon it.
Missiles
 N - 105 sling bullets
Armour
 c - a +1 kite shield (worn)
 r - the +8 plate armour of Noon {rPois rF- rN+ Int+2}
   (You found it in a Gauntlet)

   It affects your intelligence (+2).
   It makes you vulnerable to fire.
   It protects you from poison.
   It protects you from negative energy.
 G - the +2 cloak of the Thief {+Fog Slay-2 SInv Stlth+}
   (You found it on level 9 of the Dungeon)

   It affects your accuracy and damage with ranged weapons and melee attacks
   (-2).
   It lets you see invisible.
   It makes you more stealthy.
 J - the +2 hat of the Bear Spirit (worn) {Spirit, +Rage rN+ MR++}
   (You found it on level 8 of the Dungeon)

   It protects you from negative energy.
   It affects your resistance to hostile enchantments.
   It lets you go berserk.
 M - a +2 cloak (worn)
 Q - the +1 pair of gloves of Prudence (worn) {rC+}
   (You bought it in a shop on level 1 of the Orcish Mines)

   It protects you from cold.
 U - the +4 ring mail of Duty (worn) {Dex+8}
   (You found it on level 4 of the Lair of Beasts)

   It affects your dexterity (+8).
 W - a +4 plate armour of fire resistance
Jewellery
 g - an uncursed ring of see invisible
 t - an uncursed ring of protection from cold
 C - a ring of poison resistance (right hand)
 X - an amulet of reflection (around neck)
 Y - a +6 ring of dexterity (left hand)
Wands
 j - a wand of flame (22)
 s - a wand of clouds (5)
 A - a wand of digging (3)
 I - a wand of disintegration (15)
 K - a wand of enslavement (15)
Scrolls
 e - 8 scrolls of teleportation
 h - 11 scrolls of remove curse
 k - 2 scrolls of fog
 u - 2 scrolls of blinking
 y - 4 scrolls of identify
 E - 6 scrolls of fear
 H - 2 scrolls of enchant armour
 L - 3 scrolls of immolation
 P - 2 scrolls of enchant weapon
 T - a scroll of torment
Potions
 d - 3 potions of heal wounds
 i - 3 potions of resistance
 m - 2 potions of cancellation
 n - 6 potions of magic
 o - a potion of haste
 p - 11 potions of curing
 q - 3 potions of stabbing
 w - 2 potions of ambrosia
 z - 2 potions of flight
 F - 6 potions of lignification
 O - 2 potions of brilliance
 S - a potion of mutation
 V - 2 potions of might
Comestibles
 f - 37 rations


   Skills:
 + Level 10.2 Fighting
 - Level 9.6(11.9) Axes
 - Level 10.8(12.0) Maces & Flails
 + Level 7.5 Slings
 + Level 11.9 Armour
 + Level 10.4 Dodging
 + Level 12.0 Shields
 + Level 11.6 Invocations


You had 13 spell levels left.
You knew the following spells:

 Your Spells              Type           Power        Failure   Level  Hunger
a - Apportation           Tloc           #.....       65%         1    ##.....

Your spell library contained the following spells:

 Spells                   Type           Power        Failure   Level  Hunger
 Animate Skeleton         Necr           N/A          65%         1    ##.....
 Corona                   Hex            #......      65%         1    ##.....
 Foxfire                  Conj/Fire      #...         65%         1    ##.....
 Pain                     Necr           #...         65%         1    ##.....
 Sting                    Tmut/Pois      #...         65%         1    ##.....
 Summon Small Mammal      Summ           #...         65%         1    ##.....
 Call Imp                 Summ           #.......     78%         2    ###....
 Poisonous Vapours        Pois/Air       #.....       78%         2    ###....
 Call Canine Familiar     Summ           #.......     95%         3    ####...
 Conjure Flame            Conj/Fire      #.......     95%         3    ####...
 Ignite Poison            Fire/Tmut/Pois #.......     95%         3    ####...
 Mephitic Cloud           Conj/Pois/Air  #.......     95%         3    ####...
 Recall                   Summ/Tloc      N/A          95%         3    ####...
 Summon Guardian Golem    Hex/Summ       #.......     95%         3    ####...
 Vampiric Draining        Necr           #.........   95%         3    ####...
 Animate Dead             Necr           N/A          100%        4    #####..
 Olgreb's Toxic Radiance  Pois           #.......     100%        4    #####..
 Summon Ice Beast         Ice/Summ       #.......     100%        4    #####..
 Summon Lightning Spire   Summ/Air       #.......     100%        4    #####..
 Agony                    Necr           #.......     100%        5    ######.
 Borgnjor's Vile Clutch   Necr/Erth      #.........   100%        5    ######.
 Fireball                 Conj/Fire      #.........   100%        5    ######.
 Death Channel            Necr           #.........   100%        6    #######
 Simulacrum               Ice/Necr       #.........   100%        6    #######
 Ring of Flames           Chrm/Fire      #.........   100%        7    #######


Dungeon Overview and Level Annotations

Branches:
Dungeon (13/15)            Temple (1/1) D:6            Lair (6/6) D:10
  Swamp (0/4) Lair:4        Snake (0/4) Lair:3        Slime (0/5) Lair:5
    Orc (2/2) D:9             Elf (0/3) Orc:2         Sewer (visited)
Volcano (visited)         Gauntlet (visited)
 Vaults: D:13-14

Altars:
Elyvilon
Fedhas
Hepliaklqana
Kikubaaqudgha
Makhleb
Qazlal
Ru
Sif Muna
Trog
Vehumet
Yredelemnul
Beogh

Shops:
D:7 [   D:12 }   Orc:1 [   Orc:2 ([%

Annotations:
Lair:5 exclusion: 2 oklob plants
Lair:6 1 runed translucent door, Nuepoake's ghost, journeyman NaTm


Innate Abilities, Weirdness & Mutations

You are resistant to damage.
You can heal yourself by infusing magical energy.
You resist negative energy. (rN+)
You passively map the area around you.
You do not regenerate.


Message History

You hit the skeletal warrior but do no damage. x2
You slice the skeletal warrior!! You burn the skeletal warrior.
You hit the skeletal warrior. You burn the skeletal warrior.
The freezing wraith hits you but does no damage.
You block the freezing wraith's attack.
You block the skeletal warrior's attack.
The skeletal warrior misses you. x2
The skeletal warrior hits you with a +0 mace!!
* * * LOW HITPOINT WARNING * * *
Unknown command.
You hit the freezing wraith but do no damage.
The freezing wraith is almost destroyed.
You hit the skeletal warrior. You burn the skeletal warrior.
You hit the skeletal warrior. You burn the skeletal warrior.
You slash the skeletal warrior! You burn the skeletal warrior.
You hit the skeletal warrior. You burn the skeletal warrior.
The freezing wraith hits you.
* * * LOW HITPOINT WARNING * * *
The freezing wraith freezes you! You resist.
You die...

,.. * #3#...## # ....
#4##### # *, *,... #.# ,
*.# ####.. #.# , ** ...
..... #.#### # #.#.*#..#
#3##.## ##
**#...(#..######.....####.
, ......Wzz.............'.
, #....hz@##.####....####.
,, * #.#..#z###.# #.....#
## ,## #.* #ยง# #..#..# #
* #.* #.###..#..# , (.
#..55.....##### * ##
#####.###...... #5#
#.##### *,, , , #5#
#.##### ** #.# #.##..<


You could see 4 skeletal warriors, a freezing wraith and a hound.

Vanquished Creatures
  Frances (D:13)
  Donald (Orc:2)
  Kirke (Lair:6)
  2 orc warlords
  Nessos (Lair:6)
  A minotaur (Gauntlet)
  4 dire elephants (Lair:6)
  Snorg (D:12)
  An ettin (Orc:2)
  3 hydras
  An anaconda (Lair:6)
  2 alligators (D:11)
  A death knight (D:13)
  6 two-headed ogres
  3 death yaks (D:10)
  A tengu warrior (Gauntlet)
  A thrashing horror (Gauntlet)
  2 orc high priests (Orc:2)
  Urug (Lair:2)
  A skeletal warrior (D:13)
  An unseen horror (D:12)
  Pikel (D:9)
  2 orc knights
  4 orc sorcerers
  An ugly thing (D:12)
  A manticore (D:12)
  4 slime creatures (D:11)
  A cyclops (D:12)
  Joseph (D:9)
  8 elephants
  5 black mambas
  7 spiny frogs
  2 molten gargoyles (Volcano)
  4 rime drakes
  A komodo dragon (Lair:2)
  A tengu conjurer (Gauntlet)
  A polar bear (Lair:3)
  3 trolls
  A tyrant leech (Lair:2)
  10 blink frogs
  11 hippogriffs
  A wraith (D:13)
  4 wyverns
  6 fire bats (Volcano)
  5 hogs (Lair:6)
  4 basilisks
  27 yaks
  2 hungry ghosts (D:12)
  A steam dragon (Lair:4)
  3 swamp worms (Lair:2)
  3 wargs
  2 nagas (Lair:3)
  2 soldier ants
  4 hell hounds
  2 acid dragons (D:12)
  13 water moccasins
  10 porcupines
  2 ice beasts (D:8)
  34 orc warriors
  3 sky beasts
  An eye of draining (D:9)
  2 slaves (D:9)
  2 small abominations (Gauntlet)
  A black bear (D:7)
  2 phantoms (D:4)
  8 ogres
  10 wolves
  3 centaurs
  12 crocodiles
  4 big kobolds
  13 bullfrogs
  A gnoll sergeant (D:9)
  A wyvern skeleton (D:13)
  A scorpion (D:9)
  14 killer bees
  8 electric eels
  4 howler monkeys
  4 crimson imps
  6 lava snakes (Volcano)
  2 centaur zombies
  A quasit (D:10)
  3 hounds
  11 jellies
  22 orc wizards
  3 centaur skeletons
  12 orc priests
  2 bullfrog skeletons (D:5)
  6 iguanas
  10 worker ants
  Terence (D:2)
  A hell rat (D:10)
  A killer bee zombie (D:5)
  A hound zombie (D:5)
  A worker ant zombie (D:5)
  7 gnolls
  2 river rats
  21 adders
  A shadow imp (D:5)
  20 oozes
  3 adder zombies
  5 worms
  3 leopard geckos
  90 orcs
  6 ball pythons
  5 bats
  5 giant cockroaches
  6 goblins
  4 hobgoblins
  17 jackals
  15 kobolds
  7 quokkas
  6 frilled lizards
  14 rats
  A fungus (Lair:5)
  4 plants
649 creatures vanquished.

Vanquished Creatures (collateral kills)
  Gastronok (Lair:1)
  An orc warlord (Orc:2)
  A red draconian (Volcano)
  An ogre mage (Volcano)
  A hydra (Lair:1)
  A two-headed ogre (Volcano)
  A wraith (D:13)
  A yak (Lair:1)
  A crocodile (Lair:1)
  A bullfrog (Lair:1)
  An orc priest (Orc:2)
  An orc wizard (Orc:2)
  An orc (Orc:2)
13 creatures vanquished.

Vanquished Creatures (others)
  An adder skeleton (D:9)
  11 demonic plants (Gauntlet)
  6 fungi
  5 plants
  2 withered plants (Gauntlet)
25 creatures vanquished.

Grand Total: 687 creatures vanquished

Notes
Turn   | Place    | Note
-------+----------+-------------------------------------------
     0 | D:1      | Illumine the Deep Dwarf Fighter began the quest for the
                  | Orb.
     0 | D:1      | Reached XP level 1. HP: 20/20 MP: 1/1
   251 | D:1      | You fall into a shaft and drop 1 floor!
   269 | D:2      | Reached XP level 2. HP: 14/27 MP: 2/2
   287 | D:2      | Noticed Terence
   298 | D:2      | Killed Terence
   298 | D:2      | Reached XP level 3. HP: 33/33 MP: 3/3
   316 | D:2      | Found a blossoming altar of Fedhas.
  1010 | D:2      | Reached XP level 4. HP: 32/42 MP: 4/4
  1369 | D:3      | Reached skill level 4 in Shields
  1553 | D:3      | Reached XP level 5. HP: 28/49 MP: 5/5
  2102 | D:4      | Noticed a phantom
  2186 | D:4      | Killed a phantom
  2233 | D:4      | Reached XP level 6. HP: 41/56 MP: 5/5
  2381 | D:4      | Reached skill level 5 in Axes
  2741 | D:5      | Entered Level 5 of the Dungeon
  2840 | D:5      | Noticed a sky beast
  2874 | D:5      | Killed a sky beast
  2874 | D:5      | Reached skill level 5 in Shields
  2874 | D:5      | Reached XP level 7. HP: 57/64 MP: 5/5
  2881 | D:5      | Reached skill level 5 in Armour
  3021 | D:5      | Identified the Grimoire of Flying Heat
  3112 | D:5      | Found a glowing drain.
  3137 | Sewer    | Entered a sewer
  3564 | Sewer    | Reached XP level 8. HP: 53/73 MP: 6/6
  4359 | D:6      | Found a staircase to the Ecumenical Temple.
  4373 | Temple   | Entered the Ecumenical Temple
  4392 | Temple   | Became a worshipper of Makhleb the Destroyer
  4448 | D:6      | Reached skill level 6 in Shields
  4508 | D:6      | Reached skill level 5 in Fighting
  5201 | D:7      | Found Waikhleff's Antique Armour Shoppe.
  5440 | D:7      | Reached skill level 1 in Dodging
  5567 | D:7      | Gained mutation: You passively map the area around you.
                  | [Deep Dwarf growth]
  5567 | D:7      | Reached XP level 9. HP: 47/81 MP: 5/5
  6210 | D:8      | Reached * piety under Makhleb
  6316 | D:8      | Found the +2 hat of the Bear Spirit {Spirit, +Rage rN+
                  | MR++}
  6433 | D:8      | Reached skill level 7 in Shields
  6462 | D:8      | Found a basalt altar of Yredelemnul.
  6609 | D:9      | Noticed a two-headed ogre
  6620 | D:9      | Killed a two-headed ogre
  6877 | D:10     | Entered Level 10 of the Dungeon
  7047 | D:10     | Reached XP level 10. HP: 56/92 MP: 0/6
  7188 | D:10     | Reached ** piety under Makhleb
  7204 | D:10     | Noticed a death yak
  7205 | D:10     | Noticed a death yak
  7234 | D:10     | Noticed a two-headed ogre
  7252 | D:10     | Killed a two-headed ogre
  7273 | D:10     | Reached skill level 8 in Shields
  7540 | D:9      | Noticed Pikel
  7558 | D:9      | Killed Pikel
  7558 | D:9      | Reached skill level 1 in Maces & Flails
  7558 | D:9      | Reached skill level 5 in Dodging
  7604 | D:9      | Reached skill level 5 in Invocations
  7709 | D:9      | Found a staircase to the Orcish Mines.
  7729 | Orc:1    | Entered Level 1 of the Orcish Mines
  7992 | D:9      | Found the +2 cloak of the Thief {+Fog Slay-2 SInv Stlth+}
  8016 | D:9      | Noticed Joseph
  8038 | D:9      | Killed Joseph
  8215 | D:10     | Noticed a death yak
  8241 | D:10     | Killed a death yak
  8241 | D:10     | Reached skill level 1 in Slings
  8245 | D:10     | Killed a death yak
  8245 | D:10     | Reached XP level 11. HP: 100/100 MP: 0/6
  8248 | D:10     | Killed a death yak
  8260 | D:10     | Found a staircase to the Lair.
  8783 | Lair:1   | Entered Level 1 of the Lair of Beasts
  8935 | Lair:1   | Reached *** piety under Makhleb
  8942 | Lair:1   | Reached skill level 9 in Shields
  9116 | Lair:1   | Noticed a five-headed hydra
  9130 | Lair:1   | Killed a five-headed hydra
  9239 | Lair:1   | Noticed Gastronok
  9256 | Lair:1   | Killed Gastronok
  9739 | Lair:2   | Reached skill level 5 in Maces & Flails
  9934 | Lair:2   | Reached XP level 12. HP: 99/110 MP: 0/4
 10088 | Lair:2   | Noticed Urug
 10107 | Lair:2   | Killed Urug
 10651 | Lair:3   | Found a gate leading to a gauntlet.
 10661 | Gauntlet | Entered a Gauntlet
 10661 | Gauntlet | Found a transporter.
 10668 | Gauntlet | Noticed a tengu warrior
 10669 | Gauntlet | Found a transporter.
 10671 | Gauntlet | Found a transporter.
 10672 | Gauntlet | Noticed a tengu warrior
 10673 | Gauntlet | Found a transporter.
 10686 | Gauntlet | Found a transporter.
 10701 | Gauntlet | Found a transporter.
 10706 | Gauntlet | Found a transporter.
 10721 | Gauntlet | Found a transporter.
 10740 | Gauntlet | Found a transporter.
 10752 | Gauntlet | Found a transporter.
 10752 | Gauntlet | Noticed a dire elephant
 10764 | Gauntlet | Found a transporter.
 10776 | Gauntlet | Found a transporter.
 10788 | Gauntlet | Found a transporter.
 10788 | Gauntlet | Noticed a hell beast
 10805 | Gauntlet | Found a transporter.
 10822 | Gauntlet | Found a transporter.
 10824 | Gauntlet | Found a transporter.
 10826 | Gauntlet | Found a runed translucent gate.
 10826 | Gauntlet | Found a runed translucent gate.
 10826 | Gauntlet | Found a runed translucent gate.
 10832 | Gauntlet | Found a large runed translucent door.
 10832 | Gauntlet | Found a large runed translucent door.
 10832 | Gauntlet | Found a large runed translucent door.
 10832 | Gauntlet | Found a large runed translucent door.
 10833 | Gauntlet | Found a large runed translucent door.
 10833 | Gauntlet | Found a large runed translucent door.
 10836 | Gauntlet | Found a large runed translucent door.
 10836 | Gauntlet | Found a large runed translucent door.
 10838 | Gauntlet | Found a large runed translucent door.
 10838 | Gauntlet | Found a large runed translucent door.
 10838 | Gauntlet | Found a runed translucent door.
 10838 | Gauntlet | Found a runed translucent door.
 10839 | Gauntlet | Found a large runed translucent door.
 10840 | Gauntlet | Found a large runed translucent door.
 10877 | Gauntlet | Found a transporter.
 10995 | Gauntlet | Killed a tengu warrior
 11033 | Gauntlet | Got a scorched plate armour
 11098 | Gauntlet | Identified the +8 plate armour of Noon {rPois rF- rN+
                  | Int+2} (You found it in a Gauntlet)
 11111 | Gauntlet | Noticed a minotaur
 11121 | Gauntlet | Killed a minotaur
 11223 | Lair:3   | Reached skill level 10 in Shields
 11243 | Lair:3   | Found a staircase to the Snake Pit.
 11408 | Lair:3   | Reached skill level 10 in Armour
 11703 | Lair:3   | Reached **** piety under Makhleb
 12047 | Lair:4   | Noticed a six-headed hydra
 12060 | Lair:4   | Killed a six-headed hydra
 12259 | Lair:4   | Got a blackened ring mail
 12260 | Lair:4   | Identified the +4 ring mail of Duty {Dex+8} (You found it
                  | on level 4 of the Lair of Beasts)
 12640 | Lair:4   | Found a staircase to the Swamp.
 13093 | Lair:5   | Reached XP level 13. HP: 90/120 MP: 0/6
 13279 | Lair:5   | Found a dark tunnel.
 13285 | Volcano  | Entered a volcano
 13396 | Volcano  | Found a radiant altar of Vehumet.
 13467 | Volcano  | Noticed a red draconian
 13487 | Volcano  | Killed a red draconian
 14275 | Lair:6   | Entered Level 6 of the Lair of Beasts
 14285 | Lair:6   | Reached skill level 5 in Slings
 14336 | Lair:6   | Noticed Kirke
 14339 | Lair:6   | Noticed a sphinx
 14342 | Lair:6   | Reached skill level 10 in Invocations
 14345 | Lair:6   | Reached ***** piety under Makhleb
 14370 | Lair:6   | Killed Kirke
 14370 | Lair:6   | Reached skill level 11 in Shields
 14524 | Lair:6   | Found a runed translucent door.
 14525 | Lair:6   | Noticed Nuepoake's ghost (journeyman NaTm)
 14551 | Lair:6   | Noticed Nessos
 14564 | Lair:6   | Killed Nessos
 15195 | Lair:6   | Noticed a dire elephant
 15219 | Lair:6   | Killed a dire elephant
 15247 | Lair:6   | Noticed a dire elephant
 15247 | Lair:6   | Noticed a dire elephant
 15277 | Lair:6   | Killed a dire elephant
 15277 | Lair:6   | Gained mutation: You resist negative energy. (rN+) [Deep
                  | Dwarf growth]
 15277 | Lair:6   | Reached XP level 14. HP: 129/129 MP: 0/8
 15807 | Orc:2    | Entered Level 2 of the Orcish Mines
 15816 | Orc:2    | Noticed an orc warlord
 15870 | Orc:1    | Noticed an orc warlord
 15896 | Orc:1    | Killed an orc warlord
 15925 | Orc:1    | Reached skill level 10 in Maces & Flails
 15957 | Orc:1    | Found Dosadd's Antique Armour Shop.
 15966 | Orc:1    | Bought a pair of steaming gloves for 275 gold pieces
 15977 | Orc:1    | Identified the +1 pair of gloves of Prudence {rC+} (You
                  | bought it in a shop on level 1 of the Orcish Mines)
 16016 | Orc:2    | Found a roughly hewn altar of Beogh.
 16036 | Orc:2    | Found a bloodstained altar of Trog.
 16238 | Orc:2    | Found a roughly hewn altar of Beogh.
 16254 | Orc:2    | Found Enorah's Food Emporium.
 16305 | Orc:2    | Found a staircase to the Elven Halls.
 16347 | Orc:2    | Noticed Donald
 16368 | Orc:2    | Killed Donald
 16423 | Orc:2    | Reached ****** piety under Makhleb
 16531 | Orc:2    | Killed an orc warlord
 16565 | Orc:2    | Noticed an orc warlord
 16610 | Orc:2    | Killed an orc warlord
 16650 | Orc:2    | Found Qiptoruc's Antique Weapon Boutique.
 16667 | Orc:2    | Found a roughly hewn altar of Beogh.
 16667 | Orc:2    | Found Agukeh's Antique Armour Shop.
 16675 | Orc:2    | Bought a dazzling mace for 216 gold pieces
 16678 | Orc:2    | Identified the cursed +3 mace "Geciuq" {venom, rC+ rN+
                  | Int-3} (You bought it in a shop on level 2 of the Orcish
                  | Mines)
 17147 | D:11     | Reached skill level 10 in Dodging
 17160 | D:11     | Reached skill level 10 in Fighting
 17188 | D:11     | Learned a level 1 spell: Apportation
 17241 | D:11     | Got a steaming war axe
 17242 | D:11     | Identified the cursed +1 war axe "Befe" {vorpal, rF+ MR+
                  | Dex-4} (You found it on level 11 of the Dungeon)
 18244 | D:12     | Noticed Snorg
 18259 | D:12     | Killed Snorg
 18633 | D:12     | Found Kangeoc's Gadget Boutique.
 18930 | D:13     | Noticed Frances
 18950 | D:13     | Killed Frances
 19062 | D:13     | Reached skill level 12 in Shields
 19062 | D:13     | Reached XP level 15. HP: 108/138 MP: 0/9
 19083 | D:13     | HP: 3/138 [freezing wraith[a death knight] (5)]
 19083 | D:13     | Slain by a freezing wraith

Illustrated notes

Levels and vault maps discovered:
D:1:      lightli_arrival_noodles, layout_loops_corners, minmay_misc_feat_tiny
D:2:      layout_basic, first_ration, fedhas_ov_isle_minmay, uniq_terence
D:3:      minmay_door_path, layout_basic
D:4:      layout_basic
D:5:      layout_layer_cave, cheibrodos_sewer_entry_drain, serial_undead,
          serial_undead_d, serial_undead_a, serial_undead_b, serial_undead_c
D:6:      layout_basic, minmay_temple_entry_arrows
D:7:      minmay_angry_zag, layout_basic, serial_shops, kennysheep_mini
D:8:      layout_rooms, lemuel_coloured_pillars_altar
D:9:      layout_cave_pods, erik_orc_2, uniq_joseph, uniq_pikel
D:10:     layout_grid_maze, dpeg_lair_monsters
D:11:     layout_loops_corners, hangedman_little_slice_of_home,
          minmay_fountain_box, hangedman_parallel_progression
D:12:     layout_basic, serial_shops, shop, uniq_snorg
D:13:     layout_loops_corners, minmay_microvault, uniq_sonja, uniq_frances
Temple:   regret_index_temple_sigil_plot
Lair:1:   layout_long_grid, serial_bayou_shore_b, lemuel_fruit_fields,
          serial_bayou_shore_a, uniq_gastronok
Lair:2:   layout_gridlike, hangedman_lair_unloving_vines,
          nicolae_quartered_pool_little, worms_lemuel, uniq_urug
Lair:3:   layout_regular_city, guppyfry_snake_entry_island,
          gauntlet_entry_generic
Lair:4:   layout_small_grid, swamp_mist, minivault_24, serial_bayou_lagoon_b,
          infiniplex_staircase_pool, serial_bayou_shore_b, grunt_megastairs_2,
          lemuel_fruit_tree
Lair:5:   layout_loops_ring, minmay_slime_entry_oklob_open, enter_volcano_3
Lair:6:   due_jungle_book, layout_cave_shapes, ebering_ghost_inner_flame,
          uniq_kirke, uniq_nessos
Orc:1:    layout_diamond_mine, serial_shops, shop, mines2_lemuel, uniq_fannar
Orc:2:    grunt_orc_community_town_hall, layout_diamond_mine,
          grunt_orc_community_big_house_2, grunt_orc_community_big_house_1,
          grunt_orc_community_house_2, grunt_orc_community_house_3,
          grunt_orc_community_house_1, grunt_orc_community_house_2,
          grunt_orc_community_house_1, basic_altar, abandoned_shop, uniq_donald

Skill      XL: |  1  2  3  4  5  6  7  8  9 10 11 12 13 14 |
---------------+-------------------------------------------+-----
Axes           | 3 4 5 6 8 9 |  9.6
Fighting       | 3 4 5 6 7 8 9 10 | 10.2
Shields        | 4 5 6 7 8 9 10 11 12 | 12.0
Armour         | 4 5 6 7 8 9 10 11 | 11.9
Dodging        | 1 3 5 7 8 9 10 | 10.4
Invocations    | 3 5 7 9 10 11 | 11.6
Maces & Flails | 2 5 7 9 10 | 10.8
Slings         | 1 2 3 5 7 |  7.5

Action                   |  1- 3 |  4- 6 |  7- 9 | 10-12 | 13-15 || total
-------------------------+-------+-------+-------+-------+-------++-------
Melee: War axe           |    93 |   229 |   458 |   272 |   118 ||  1170
       Demon whip        |       |       |       |   598 |   841 ||  1439
       Broad axe         |       |       |       |       |   182 ||   182
 Fire: Hunting sling     |       |       |       |     6 |     6 ||    12
Throw: Stone             |       |       |     1 |     1 |       ||     2
Invok: Lesser Servant of |       |       |       |     2 |     6 ||     8
 Abil: Heal Wounds       |     1 |     5 |     9 |    19 |     8 ||    42
       Evoke Berserk Rag |       |       |       |     1 |       ||     1
Evoke: Wand              |       |       |       |       |     1 ||     1
  Use: Potion            |     1 |       |       |     4 |     2 ||     7
       Scroll            |       |     7 |     3 |    22 |     7 ||    39
 Stab: Distracted        |       |       |       |     1 |     4 ||     5
       Sleeping          |       |       |       |       |     3 ||     3
       Petrifying        |       |       |       |       |     1 ||     1
  Eat: Chunk             |       |     7 |    11 |    18 |    21 ||    57
       Ration            |       |       |     1 |     1 |       ||     2
Armor: Scale mail        |    58 |    16 |       |       |       ||    74
       Chain mail        |       |    76 |   113 |       |       ||   189
       Plate armour      |       |       |   135 |   338 |    19 ||   492
       Ring mail         |       |       |       |     7 |   193 ||   200
Dodge: Dodged            |    30 |    44 |   107 |   250 |   548 ||   979
Block: Kite shield       |    53 |   132 |   296 |   543 |   919 ||  1943
       Reflection        |       |       |       |       |    14 ||    14
